 Dungeon Crawl Stone Soup version 0.30-a0-122-g2a1322497e (webtiles) character file.

Game seed: 5599089921909865585

56548 IdlyInterested the Severer (level 14, -1/118 HPs)
             Began as a Demonspawn Fighter on Sept 15, 2022.
             Was an Initiate of Makhleb.
             Shot with a bolt by a yaktaur (25 damage)
             ... on level 12 of the Dungeon.
             The game lasted 01:13:43 (26929 turns).

IdlyInterested the Severer (Demonspawn Fighter)    Turns: 26929, Time: 01:13:43

Health: -1/118     AC: 21    Str: 27    XL:     14   Next: 42%
Magic:  17/17      EV:  9    Int:  9    God:    Makhleb [......]
Gold:   13         SH: 11    Dex: 20    Spells: 13/13 levels left

rFire   . . .      SeeInvis +    Y - +1 broad axe
rCold   . . .      Faith    .    c - +0 buckler
rNeg    + + .      Spirit   .    S - +0 plate armour {rN+}
rPois   +          Reflect  +    (no helmet)
rElec   .          Harm     .    (no cloak)
rCorr   .          Rampage  .    f - +0 pair of gloves "Tueco" {+Blink rN+ SInv}
Will    +....                    X - +2 pair of boots
Stlth   ..........               D - amulet of reflection
HPRegen 0.29/turn                T - +6 ring of dexterity
MPRegen 0.15/turn                W - +6 ring of strength

@: mighty, invisible
A: spiny 3, sharp scales 2, demonic magic 1, weakness stinger 2, poison
resistance
a: Renounce Religion, Evoke Blink


You were on level 12 of the Dungeon.
You worshipped Makhleb.
Makhleb was noncommittal.
You visited 3 branches of the dungeon, and saw 18 of its levels.
You also visited: Sewer and Ossuary.

You collected 1393 gold pieces.
You spent 1380 gold pieces at shops.

Inventory:

Hand Weapons
 d - the +1 hand axe "Cahopuge" {flame, *Noise rElec rPois Will++}
   (You took it off a rakshasa on level 9 of the Dungeon)

   It burns those it strikes, dealing additional fire damage.
   Big, fiery blades are also staple armaments of hydra-hunters.
   rElec:     It insulates you from electricity.
   rPois:     It protects you from poison.
   *Noise:    It may make noises in combat.
   Will:      It greatly increases your willpower.
 Y - a +1 broad axe (weapon)
Missiles
 u - 3 curare-tipped darts (quivered)
 E - 11 javelins
 M - 5 atropa-tipped darts
 O - a silver boomerang
 R - 3 boomerangs
 Z - 6 datura-tipped darts
Armour
 c - a +0 buckler (worn)
 f - the +0 pair of gloves "Tueco" (worn) {+Blink rN+ SInv}
   (You acquired it on level 3 of the Lair of Beasts)

   rN:        It protects you from negative energy.
   SInv:      It lets you see invisible.
   +Blink:    It lets you blink.
 N - +0 fire dragon scales
 S - a +0 plate armour of positive energy (worn)
 X - a +2 pair of boots (worn)
Jewellery
 a - a ring of fire
 k - a ring of ice
 q - a +4 ring of evasion
 w - a ring of positive energy
 D - an amulet of reflection (around neck)
 H - a +6 ring of dexterity
 K - a ring of protection from cold
 T - a +6 ring of dexterity (left hand)
 W - a +6 ring of strength (right hand)
Wands
 b - a wand of roots (14)
 j - a wand of charming (27)
 x - a wand of flame (41)
 B - a wand of quicksilver (1)
 F - a wand of digging (8)
 V - a wand of polymorph (10)
Scrolls
 i - a scroll of fog
 m - 6 scrolls of enchant armour
 n - 3 scrolls of summoning
 o - 3 scrolls of blinking
 r - 4 scrolls of magic mapping
 s - a scroll of fear
 y - 9 scrolls of teleportation
 L - 3 scrolls of identify
Potions
 e - 2 potions of magic
 h - 5 potions of flight
 l - 2 potions of cancellation
 p - a potion of mutation
 t - 6 potions of curing
 z - 3 potions of attraction
 A - a potion of haste
 C - 3 potions of brilliance
 G - 4 potions of resistance
 I - a potion of ambrosia
 U - 4 potions of might
Miscellaneous
 J - a condenser vane
 P - a piece from Xom's chessboard (15/15)
 Q - a phantom mirror


   Skills:
 + Level 13.5 Fighting
 * Level 16.3 Axes
 - Level 2.0 Throwing
 + Level 9.7 Armour
 - Level 4.0 Dodging
 - Level 2.0 Stealth
 - Level 4.0 Shields
 * Level 4.5 Invocations
 - Level 4.0 Evocations


You had 13 spell levels left.
You didn't know any spells.
Your spell library contained the following spells:

 Spells                   Type           Power      Damage    Failure   Level
 Apportation              Tloc           0%         N/A       99%         1
 Beastly Appendage        Tmut           0%         N/A       99%         1
 Magic Dart               Conj           0%         1d3       99%         1
 Shock                    Conj/Air       0%         1d3       99%         1
 Ensorcelled Hibernation  Hex/Ice        0%         N/A       100%        2
 Passwall                 Tmut/Erth      0%         N/A       100%        2
 Searing Ray              Conj           0%         2d4       100%        2
 Sublimation of Blood     Necr           0%         N/A       100%        2
 Wereblood                Tmut           0%         N/A       100%        2
 Confusing Touch          Hex            0%         N/A       100%        3
 Gell's Gravitas          Tloc           0%         N/A       100%        3
 Ignite Poison            Fire/Tmut/Pois 0%         N/A       100%        3
 Mephitic Cloud           Conj/Pois/Air  0%         N/A       100%        3
 Spider Form              Tmut/Pois      0%         N/A       100%        3
 Summon Guardian Golem    Hex/Summ       0%         N/A       100%        3
 Swiftness                Air            0%         N/A       100%        3
 Teleport Other           Tloc           0%         N/A       100%        3
 Airstrike                Air            0%         2d(0-16)  100%        4
 Fulminant Prism          Conj/Hex       0%         3d6       100%        4
 Alistair's Intoxication  Tmut/Pois      0%         N/A       100%        5
 Arcjolt                  Conj/Air       0%         1d10      100%        5
 Freezing Cloud           Conj/Ice/Air   0%         6-21      100%        5
 Iskenderun's Battlesphe  Conj           0%         2d6       100%        5
 Summon Forest            Summ/Tloc      0%         N/A       100%        5
 Summon Mana Viper        Hex/Summ       0%         N/A       100%        5
 Yara's Violent Unravell  Hex/Tmut       0%         3d3       100%        5
 Dispersal                Tloc           0%         N/A       100%        6
 Iron Shot                Conj/Erth      0%         9d1       100%        6
 Summon Cactus Giant      Summ           0%         N/A       100%        6
 Enfeeble                 Hex            0%         N/A       100%        7
 Orb of Destruction       Conj           0%         9d5       100%        7
 Spellforged Servitor     Conj/Summ      0%         N/A       100%        7
 Summon Hydra             Summ           0%         N/A       100%        7


Dungeon Overview and Level Annotations

Branches:
Dungeon (12/15)            Temple (1/1) D:7            Lair (5/5) D:10
  Swamp (0/4) Lair:2        Snake (0/4) Lair:3        Slime (0/5) Lair:4
  Sewer (visited)         Ossuary (visited)
    Orc: D:9-12

Altars:
Ashenzari
Cheibriados
Dithmenos
Fedhas
Gozag
Hepliaklqana
Kikubaaqudgha
Makhleb
Nemelex Xobeh
Okawaru
Qazlal
Ru
Sif Muna
Trog
Uskayaw
Vehumet
Wu Jian
Xom
Yredelemnul
Jiyva

Shops:
D:9 =

Portals:
Trove: D:11 (give +6 demon whip)


Innate Abilities, Weirdness & Mutations

You are completely covered in sharp spines.
You are mostly covered in razor-sharp scales. (AC +2, Slay +2)
Spells you cast may paralyse adjacent enemies.
You have a tail ending in a sharp stinger.
Your system is resistant to poisons. (rPois)


Message History

The centaur warrior is struck by your spines.
The centaur warrior hits you but does no damage.
The centaur warrior kicks you but does no damage.
The gargoyle is struck by your spines. The gargoyle barely misses you.
The yaktaur shoots a bolt.
The bolt hits the boulder beetle!
The slime creature quivers.
You slice the slime creature!!
You kill the slime creature!
Makhleb accepts your kill.
You closely miss the boulder beetle. You closely miss the centaur warrior.
You closely miss the gargoyle.
You feel less invigorated.
You feel less confused.
The slime creature quivers. x3
The centaur warrior is struck by your spines.
The centaur warrior barely misses you. The centaur warrior closely misses you.
You block the centaur warrior's attack.
The centaur warrior kicks you but does no damage.
You block the gargoyle's attack.
The slime creature quivers. x2
You slice the centaur warrior!!
The centaur warrior is severely wounded.
You catch the helpless boulder beetle completely off-guard!
You hit the boulder beetle but do no damage.
You barely miss the gargoyle.
The slime creature quivers. x3
The yaktaur shoots a bolt.
The bolt hits the yaktaur!!
The yaktaur shoots a bolt.
The bolt closely misses you.
The bolt hits the centaur warrior!!
The centaur warrior dies!
You catch the helpless gargoyle completely off-guard!
You hit the gargoyle but do no damage.
The gargoyle is almost destroyed.
You catch the helpless boulder beetle completely off-guard!
You hit the boulder beetle.
The slime creature quivers. x3
The gargoyle hurls a stone arrow at the boulder beetle.
The stone arrow hits you!!
* * * LOW HITPOINT WARNING * * *
The yaktaur shoots a bolt.
The bolt hits you!!
You die...

#..# # ##..#####.#
..........# #
..........###.###
##.......##.. ..##
#...#..##..###e°##
##.†.#.##.#.o.°.#☼##
..†).#.#.).##J##9E.#
.....).#.#.#.!☼#@#
$..!.(.)##..)#BE)#
##...#.#.#.#.○J#c#
#.....#...##)##co.
#.....##.#....J#.##
#...#..##..###..##
.....##. ##. .##
###.. #. ### ### #.


You could see a boulder beetle (unable to see you), 2 slime creatures, 2
yaktaurs, a deep elf pyromancer (unable to see you), 2 fire elementals, an orc
warrior (unable to see you) and a gargoyle (unable to see you).

Vanquished Creatures
  A fire dragon (Lair:5)
  Josephine (D:12)
  A rakshasa (D:9)
  5 hydras
  2 centaur warriors (D:12)
  A death knight (D:12)
  2 boulder beetles
  3 death yaks (Lair:5)
  The ghost of bootyos the Carver, a novice DgFi (D:8)
  A bog body (Lair:2)
  A lindwurm (Lair:5)
  Pikel (D:6)
  3 deep elf pyromancers
  An oklob plant (D:10)
  A cyclops (D:11)
  8 black mambas
  13 elephants
  A torpor snail (Lair:1)
  2 molten gargoyles (Lair:5)
  14 cane toads
  Maggie (D:7)
  4 rime drakes
  14 komodo dragons
  2 polar bears
  Grinder (D:3)
  2 hornets
  2 trolls
  14 blink frogs
  5 slime creatures
  Sigmund (D:5)
  7 wraiths
  2 vampires
  6 wyverns
  45 yaks
  7 basilisks
  13 vampire mosquitoes
  6 steam dragons
  4 swamp worms (Lair:2)
  Edmund (D:5)
  18 water moccasins
  Duvessa (D:4)
  5 hell hounds (Lair:5)
  7 orc warriors
  2 ogres (D:6)
  6 centaurs
  An elf zombie (Ossuary)
  2 kobold brigands (Sewer)
  2 phantoms
  9 bullfrogs
  2 necrophages
  5 scorpions
  8 wights
  Dowan (D:4)
  An oklob sapling (D:10)
  6 killer bees (D:9)
  3 electric eels
  8 howler monkeys
  5 lava snakes (Lair:5)
  A quasit (Sewer)
  6 hounds
  7 orc priests
  A jelly (D:7)
  2 gnoll boudas
  4 hell rats (Lair:1)
  4 iguanas
  Natasha (thrice) (D:4)
  6 orc wizards
  4 mummies (Ossuary)
  9 gnolls
  13 adders
  9 river rats
  9 shadow imps
  2 white imps (D:8)
  5 ufetubi
  An adder zombie (Ossuary)
  4 worms
  4 dart slugs
  31 orcs
  A bat zombie (Sewer)
  8 endoplasms
  4 giant cockroaches
  2 gnoll zombies (Ossuary)
  6 goblins
  9 hobgoblins
  4 jackals (D:5)
  24 kobolds
  4 quokkas
  18 ball pythons
  7 bats
  9 frilled lizards
  2 goblin zombies (Ossuary)
  A hobgoblin zombie (Ossuary)
  2 jackal zombies (Ossuary)
  3 kobold zombies (Sewer)
  20 rats
  3 rat zombies (Ossuary)
  A bush (D:10)
545 creatures vanquished.

Vanquished Creatures (collateral kills)
  A centaur (D:9)
  A kobold brigand (D:8)
2 creatures vanquished.

Vanquished Creatures (others)
  A centaur warrior (D:12)
  A slime creature (D:12)
  A kobold brigand (D:9)
  A hound (D:6)
  A kobold zombie (Sewer)
  15 fungi
  47 plants
67 creatures vanquished.

Grand Total: 614 creatures vanquished

Notes
Turn   | Place    | Note
-------+----------+-------------------------------------------
     0 | D:1      | IdlyInterested the Demonspawn Fighter began the quest for
                  | the Orb.
     0 | D:1      | Reached XP level 1. HP: 18/18 MP: 1/1
   172 | D:1      | Reached skill level 2 in Axes
   173 | D:1      | Gained mutation: You are partially covered in sharp spines.
                  | [demonic ancestry]
   173 | D:1      | Reached XP level 2. HP: 13/24 MP: 2/2
   646 | D:1      | Reached XP level 3. HP: 29/29 MP: 3/3
   954 | D:2      | HP: 1/30 [poisoned by a goblin]
  1340 | D:2      | Found a hide-covered altar of Uskayaw.
  1595 | D:2      | You fall into a shaft and drop 2 floors!
  1609 | D:4      | Found a sand-covered staircase.
  1621 | Ossuary  | Entered an ossuary
  1630 | Ossuary  | Gained mutation: You have a small tail. [demonic ancestry]
  1630 | Ossuary  | Reached XP level 4. HP: 27/37 MP: 4/4
  1641 | Ossuary  | Reached XP level 5. HP: 13/43 MP: 5/5
  2063 | Ossuary  | Reached skill level 3 in Axes
  2392 | D:3      | Reached skill level 5 in Fighting
  2460 | D:3      | Found a glowing drain.
  2484 | Sewer    | Entered a sewer
  2578 | Sewer    | Gained mutation: You are partially covered in razor-sharp
                  | scales. (AC +1, Slay +1) [demonic ancestry]
  2578 | Sewer    | Reached XP level 6. HP: 32/51 MP: 6/6
  2919 | Sewer    | Found a burning altar of Makhleb.
  3064 | Sewer    | Reached skill level 4 in Axes
  3149 | Sewer    | Reached skill level 1 in Evocations
  3922 | D:3      | Gained mutation: You have a tail ending in a sharp stinger.
                  | [demonic ancestry]
  3922 | D:3      | Reached XP level 7. HP: 53/56 MP: 7/7
  4002 | D:3      | Noticed Grinder
  4012 | D:3      | Paralysed by Grinder for 3 turns
  4017 | D:3      | Paralysed by Grinder for 5 turns
  4025 | D:3      | Killed Grinder
  4357 | D:3      | Found a sacrificial altar of Ru.
  4583 | D:4      | Reached skill level 5 in Axes
  4588 | D:4      | Noticed Natasha
  4598 | D:4      | Killed Natasha
  4703 | D:4      | Reached skill level 1 in Stealth
  4973 | D:4      | Noticed Natasha
  4977 | D:4      | Reached skill level 1 in Throwing
  4984 | D:4      | Killed Natasha
  4985 | D:4      | Reached XP level 8. HP: 45/64 MP: 8/8
  5592 | D:4      | Reached skill level 1 in Dodging
  5605 | D:4      | Noticed Duvessa
  5605 | D:4      | Noticed Dowan
  5611 | D:4      | Killed Duvessa
  5612 | D:4      | Reached skill level 6 in Axes
  5612 | D:4      | Killed Dowan
  5845 | D:4      | Noticed Natasha
  5853 | D:4      | Killed Natasha
  5929 | D:5      | Entered Level 5 of the Dungeon
  6102 | D:5      | Gained mutation: Your mind is acute. (Int +4, Str/Dex -1)
                  | [potion of mutation]
  6102 | D:5      | Gained mutation: You expend magic power (3 MP) to
                  | strengthen your wands. [potion of mutation]
  6640 | D:5      | Noticed Edmund
  6650 | D:5      | Killed Edmund
  6763 | D:5      | Reached skill level 7 in Axes
  6842 | D:5      | Noticed Sigmund
  6848 | D:5      | Killed Sigmund
  7651 | D:6      | Gained mutation: Spells you cast may paralyse adjacent
                  | enemies. [demonic ancestry]
  7651 | D:6      | Reached XP level 9. HP: 25/72 MP: 9/9
  8372 | D:6      | Noticed Pikel
  8393 | D:6      | Killed Pikel
  8394 | D:6      | Reached skill level 8 in Axes
  8394 | D:6      | Reached skill level 5 in Armour
  8910 | D:6      | Found a burning altar of Makhleb.
  9291 | D:7      | Found a bloodstained altar of Trog.
  9308 | D:7      | Noticed Maggie
  9321 | D:7      | Killed Maggie
  9322 | D:7      | Reached skill level 9 in Axes
  9760 | D:7      | Reached XP level 10. HP: 82/82 MP: 10/10
  9869 | D:7      | Found a staircase to the Ecumenical Temple.
  9874 | Temple   | Entered the Ecumenical Temple
 10260 | D:8      | Paralysed by a hornet for 3 turns
 10274 | D:8      | HP: 4/82 [poisoned by a hornet]
 10877 | D:8      | Found a transporter.
 10900 | D:8      | Noticed bootyos's ghost (novice DgFi)
 10907 | D:8      | Found a transporter.
 11332 | D:8      | Identified the +4 long sword "Xeuwkuk" {vorpal, Str+9}
 11562 | D:8      | Lost mutation: Your mind is acute. (Int +4, Str/Dex -1)
                  | [potion of mutation]
 11562 | D:8      | Lost mutation: You expend magic power (3 MP) to strengthen
                  | your wands. [potion of mutation]
 11562 | D:8      | Gained mutation: You are weak. (Str -2) [potion of
                  | mutation]
 11607 | D:8      | Reached skill level 10 in Axes
 11628 | D:8      | Killed bootyos's ghost
 13117 | D:9      | Found Ceritzuu's Jewellery Shoppe.
 13158 | D:9      | Found a radiant altar of Vehumet.
 13218 | D:9      | Noticed a deep elf pyromancer
 13221 | D:9      | Noticed a five-headed hydra
 13228 | D:9      | Reached skill level 11 in Axes
 13231 | D:9      | Killed a deep elf pyromancer
 13232 | D:9      | Gained mutation: You are mostly covered in razor-sharp
                  | scales. (AC +2, Slay +2) [demonic ancestry]
 13232 | D:9      | Reached XP level 11. HP: 43/90 MP: 11/11
 13241 | D:9      | Killed a five-headed hydra
 13396 | D:9      | Identified the +1 hand axe "Cahopuge" {flame, *Noise rElec
                  | rPois Will++}
 13396 | D:9      | Noticed a rakshasa
 13491 | D:9      | Killed a rakshasa
 13492 | D:9      | Reached skill level 10 in Fighting
 13916 | D:9      | Bought an amulet of reflection for 360 gold pieces
 13921 | D:9      | Bought a ring of protection from cold for 300 gold pieces
 13949 | D:10     | Entered Level 10 of the Dungeon
 13981 | D:10     | Found a staircase to the Lair.
 14962 | D:10     | Found a sparkling altar of Nemelex Xobeh.
 14962 | D:10     | Found an opulent altar of Gozag.
 15140 | D:10     | Found an ornate altar of the Wu Jian Council.
 15146 | D:10     | Found a stormy altar of Qazlal.
 15149 | D:10     | Found a hazy altar of Hepliaklqana.
 15261 | D:10     | Noticed an oklob plant
 15303 | D:10     | HP: 2/91 [oklob plant/splash of acid (27)]
 15310 | D:10     | Killed an oklob plant
 15311 | D:10     | Reached skill level 12 in Axes
 15881 | Lair:1   | Entered Level 1 of the Lair of Beasts
 16270 | Lair:1   | Gained mutation: You are mostly covered in sharp spines.
                  | [demonic ancestry]
 16270 | Lair:1   | Reached XP level 12. HP: 12/99 MP: 12/12
 17078 | Lair:1   | Reached skill level 13 in Axes
 17881 | Lair:2   | Noticed a five-headed hydra
 17891 | Lair:2   | Killed a one-headed hydra
 18064 | Lair:2   | Noticed an eight-headed hydra
 18079 | Lair:2   | Killed a four-headed hydra
 18358 | Lair:2   | Found a staircase to the Swamp.
 18757 | Lair:2   | Reached skill level 14 in Axes
 19749 | Lair:3   | Identified a scroll of acquirement
 19749 | Lair:3   | Acquired the +0 pair of gloves "Tueco" {+Blink rN+ SInv}
 19922 | Lair:3   | Found a staircase to the Snake Pit.
 19971 | Lair:3   | Noticed a five-headed hydra
 19983 | Lair:3   | Killed a one-headed hydra
 20028 | Lair:3   | Identified the +1 robe of Purpose {rElec Will+ Str+3}
 20147 | Lair:3   | Gained mutation: You are completely covered in sharp
                  | spines. [demonic ancestry]
 20147 | Lair:3   | Reached XP level 13. HP: 92/108 MP: 13/13
 21444 | D:9      | Bought a ring of magical power for 240 gold pieces
 21599 | Lair:4   | HP: 3/109 [boulder beetle (14)]
 22153 | Lair:4   | Reached skill level 15 in Axes
 22530 | Lair:4   | Found a viscous altar of Jiyva.
 22531 | Lair:4   | Found a staircase to the Slime Pits.
 22687 | Lair:4   | Found a hazy altar of Hepliaklqana.
 22696 | Lair:4   | Lost mutation: You are weak. (Str -2) [potion of mutation]
 22696 | Lair:4   | Gained mutation: Your system is resistant to poisons.
                  | (rPois) [potion of mutation]
 22850 | Lair:5   | Entered Level 5 of the Lair of Beasts
 23941 | Lair:5   | Reached XP level 14. HP: 64/118 MP: 14/14
 24147 | Lair:5   | Found a large runed translucent door.
 24150 | Lair:5   | Found a large runed translucent door.
 24373 | Lair:5   | Reached skill level 16 in Axes
 25299 | D:6      | Became a worshipper of Makhleb the Destroyer
 25994 | D:11     | Reached skill level 1 in Invocations
 26196 | D:11     | Found a portal to a secret trove of treasure.
 26672 | D:12     | Noticed Josephine
 26683 | D:12     | Killed Josephine
 26805 | D:9      | Bought an amulet of faith for 480 gold pieces
 26929 | D:12     | Shot with a bolt by a yaktaur

Illustrated notes

Levels and vault maps discovered:
D:1:      spicycebolla_arrival_ecumenical, layout_rooms,
          dreamdust_princess_bridge, st_stairs_4
D:2:      layout_basic, basic_altar, minmay_misc_feat_square
D:3:      layout_basic, mainiacjoe_overflow_alcove_1, portal_sewer_entry_b,
          uniq_grinder
D:4:      minmay_octagon_keep, layout_basic, chequers_ossuary_entry_cave,
          chequers_big_river, uniq_duvessa, uniq_natasha
D:5:      layout_basic, sigmund_edmund_badplayer, uniq_sigmund
D:6:      layout_basic, mainiacjoe_overflow_catwalk, uniq_pikel
D:7:      layout_basic, mainiacjoe_overflow_chevrons, minmay_temple_entry_wispy,
          uniq_maggie
D:8:      layout_basic, nzn_ghost_randoct
D:9:      layout_loops_ring, nicolae_vehumet_altar_sigil, serial_shops, shop,
          nicolae_eternal_life, minmay_pinched_square
D:10:     layout_loops_ring, grunt_temple_overflow_opulence,
          general_overflow_altar, minmay_overflow_temple_star_quad,
          dpeg_oklobed_lair, introduction_to_nature_2
D:11:     layout_basic, enter_trove_2
D:12:     minmay_the_grid_octo_tiled_squarecenter
          [minmay_the_grid_octo_vomiting_pacman, minmay_the_grid_octo_checkered,
          minmay_the_grid_octo_empty, minmay_the_grid_octo_focus,
          minmay_the_grid_square_5x5_megaprize_diamond,
          minmay_the_grid_square_5x5_misaligned,
          minmay_the_grid_square_5x5_forky,
          minmay_the_grid_square_5x5_three_walls,
          minmay_the_grid_square_5x5_moneybag], layout_small_grid,
          abandoned_shop, fedhas_bush_and_centaur_altar, uniq_josephine
Temple:   hellmonk_temple_flake
Lair:1:   statuecave_lemuel, layout_loops_ring, kennysheep_abandoned_house
Lair:2:   layout_regular_city, nicolae_swamp_entry_splash_gauntlet,
          serial_bayou_ford_a
Lair:3:   layout_regular_city, guppyfry_snake_entry_island
Lair:4:   layout_hall_layers, dpeg_slime_entry_enclosed, basic_altar,
          minivault_26
Lair:5:   cheibrodos_lair_end_hotspot, layout_long_grid, uniq_rupert

Skill      XL: |  1  2  3  4  5  6  7  8  9 10 11 12 13 14 |
---------------+-------------------------------------------+-----
Axes           | 2 3 4 5 7 9 11 12 14 15 16 | 16.3
Armour         | 3 4 6 7 8 9 |  9.7
Fighting       | 4 5 6 7 8 9 10 12 13 | 13.5
Evocations     | 1 2 3 4 |  4.0
Stealth        | 1 2 |  2.0
Throwing       | 1 2 |  2.0
Dodging        | 2 3 4 |  4.0
Shields        | 3 4 |  4.0
Invocations    | 4 |  4.5

Action                   |  1- 3 |  4- 6 |  7- 9 | 10-12 | 13-15 || total
-------------------------+-------+-------+-------+-------+-------++-------
Melee: War axe           |    95 |   116 |   258 |   331 |       ||   800
       Tailslap          |       |    19 |    42 |   104 |    86 ||   251
       Spear             |       |       |       |     9 |       ||     9
       Broad axe         |       |       |       |   159 |   370 ||   529
       Hand axe          |       |       |       |    41 |    15 ||    56
Throw: Dart              |       |       |     1 |    16 |     1 ||    18
Evoke: Condenser vane    |       |       |       |     1 |       ||     1
       Wand              |       |       |       |    15 |       ||    15
       Phantom mirror    |       |       |       |     1 |       ||     1
  Use: Scroll            |     7 |     2 |    13 |     8 |     2 ||    32
       Potion            |     2 |       |     5 |    14 |     8 ||    29
 Stab: Confused          |       |       |       |     4 |       ||     4
       Invisible         |       |       |       |       |     5 ||     5
Armor: Scale mail        |    45 |    42 |    59 |       |       ||   146
       Steam dragon scal |       |       |    35 |    20 |       ||    55
       Plate armour      |       |       |       |   234 |   210 ||   444
Dodge: Dodged            |    47 |    51 |   111 |   151 |   141 ||   501
Block: Buckler           |    26 |    28 |    44 |   220 |   207 ||   525
       Reflection        |       |       |       |     7 |    10 ||    17

Table legend: (Time is in decaauts)
 A = Elapsed time spent in this place.
 B = Non-inter-level travel time spent in this place.
 C = Inter-level travel time spent in this place.
 D = Time resting spent in this place.
 E = Time spent auto-exploring this place.
 F = Levels seen in this place.
 G = Mean time per level.
                   A        B        C        D        E       F      G
               +--------+--------+--------+--------+--------+-----+--------+
         Total |  27113 |  23674 |   3439 |   5130 |  13830 |  20 | 1355.7 |
       Dungeon |  16374 |  13773 |   2601 |   3096 |   7839 |  12 | 1364.5 |
        Temple |    184 |    156 |     28 |      0 |    130 |   1 |  184.0 |
          Lair |   9159 |   8349 |    810 |   1170 |   5685 |   5 | 1831.8 |
         Sewer |    718 |    718 |      0 |    401 |     63 |   1 |  718.0 |
       Ossuary |    676 |    676 |      0 |    462 |    112 |   1 |  676.0 |
               +--------+--------+--------+--------+--------+-----+--------+

Top non-repeatable levels by time:
    D:10: 2373 daAuts
  Lair:1: 2148 daAuts
  Lair:5: 2101 daAuts
     D:9: 2053 daAuts
     D:5: 1862 daAuts
  Lair:2: 1830 daAuts
     D:8: 1796 daAuts
  Lair:3: 1750 daAuts
     D:4: 1484 daAuts
     D:6: 1438 daAuts
  Lair:4: 1327 daAuts
     D:2: 1211 daAuts
     D:1: 1097 daAuts
     D:7: 1047 daAuts
     D:3: 1047 daAuts
